AoeStats
← Lex

MegaRandom

506110728Analyzed
1v1 RM · 20d ago on Sep 12, 2026· 70m 8s· 2 players
Game mode
Random Map
Map size
Tiny (2 player)
Population
200
Speed
Normal
Resources
Standard
Victory
Conquest
Starting age
Dark Age
Ending age
Imperial Age
RankedLock teamsTeams togetherTeam positionsShared explorationLock speedFull tech treeHidden civsTurbo modeCheats
Victory
Defeat
480
+18
🇫🇷 Maya · France
524
-18
PotbelliedVampireGoblin
11:18 Feudal Age
10:17 Double-Bit Axe
10:49 Horse Collar
12:20 Bow Saw
18:09 Gold Mining
20:25 Gold Shaft Mining
22:25 Castle Age
20:50 Scale Barding Armor
20:56 Forging
22:29 Stone Mining
22:46 Heavy Plow
23:34 Chain Barding Armor
24:16 Iron Casting
25:30 Two-Man Saw
25:22 Crop Rotation
26:05 Wheelbarrow
26:55 Light Cavalry
28:17 Stone Shaft Mining
28:05 Fervor
29:18 Husbandry
29:33 Fletching
32:12 Hand Cart
33:06 Loom
33:36 Bodkin Arrow
35:23 Town Watch
39:06 Imperial Age
37:14 Town Patrol
37:26 Burgundian Vineyards
38:30 Masonry
40:31 Hoardings
39:43 Elite Coustillier
39:48 Cavalier
41:19 Plate Barding Armor
41:46 Blast Furnace
41:55 Paladin
48:49 Conscription
49:17 Bracer
50:04 Fortified Wall
50:25 Architecture
50:58 Chemistry
52:06 Ballistics
51:46 Murder Holes
52:51 Guilds
60:15 Treadmill Crane
60:58 Padded Archer Armor
62:10 Leather Archer Armor
62:19 Bombard Tower
61:44 Arrowslits
Lex
0:35 Loom
11:26 Feudal Age
11:54 Double-Bit Axe
11:52 Horse Collar
19:34 Town Watch
19:49 Gold Mining
19:52 Stone Mining
22:22 Castle Age
21:04 Fletching
21:14 Padded Archer Armor
21:07 Arson
22:28 Forging
22:26 Scale Mail Armor
25:21 Bow Saw
25:13 Heavy Plow
30:18 Imperial Age
28:37 Herbal Medicine
28:46 Squires
28:45 Bodkin Arrow
29:26 Chain Mail Armor
30:07 Ballistics
29:47 Murder Holes
31:33 Wheelbarrow
31:41 Conscription
33:12 Masonry
33:15 Thumb Ring
35:54 Chemistry
36:06 Bracer
36:52 Guilds
38:20 Leather Archer Armor
38:45 Plate Mail Armor
39:33 Iron Casting
39:35 Ring Archer Armor
40:59 Eagle Warrior
42:43 Blast Furnace
42:43 Hoardings
42:46 Architecture
43:47 Elite Eagle Warrior
46:05 Pikeman
46:52 Halberdier
51:35 Holcans
52:43 Elite Plumed Archer
67:04 Town Patrol
Connection lost

Rejoining the realm…

Still unreachable

The connection could not be restored.

Session expired

The server has moved on; the page needs a fresh start.